 Dungeon Crawl Stone Soup version 0.17.0-56-gd8de76c (webtiles) character file.

520 gorblad the Shield-Bearer (level 7, 0/53 HPs)
             Began as a Demonspawn Fighter on Dec 5, 2015.
             Slain by gorblad's ghost (6 damage)
             ... on level 5 of the Dungeon.
             The game lasted 00:08:15 (3978 turns).

gorblad the Shield-Bearer (Demonspawn Fighter)      Turns: 3978, Time: 00:08:15

Health: 0/53       AC: 16    Str: 16 (18) XL:     7   Next: 1%
Magic:  7/7        EV:  5    Int: 10      God:
Gold:   261        SH:  9    Dex: 12      Spells: 0 memorised, 6 levels left

rFire  . . .     SeeInvis .     a - +0 long sword
rCold  + . .     Clarity  .     n - +0 chain mail (curse)
rNeg   . . .     SustAt   .     c - +0 shield
rPois  .         Gourm    .     (no helmet)
rElec  .         Spirit   .     (no cloak)
rCorr  .         Warding  .     (no gloves)
rMut   .         Stasis   .     (no boots)
MR     .....                    g - amulet of faith
Stlth  ..........               (no ring)
                                (no ring)

@: not resistant to hostile enchantments, extremely unstealthy
A: rough black scales 2, agile 1, cold resistance 1, mutation resistance 1, rot
immunity, freezing cloud immunity
a: no special abilities


You were on level 5 of the Dungeon.
You were not hungry.

You visited 1 branch of the dungeon, and saw 5 of its levels.

You collected 261 gold pieces.

Inventory:

Hand Weapons
 a - a +0 long sword (weapon)
Armour
 b - a +0 scale mail
 c - a +0 shield (worn)
 n - a cursed +0 chain mail (worn)
Jewellery
 g - an amulet of faith (around neck)
 j - a +3 ring of intelligence {unknown}
 k - an uncursed ring of protection from magic {unknown}
Scrolls
 h - a scroll of amnesia
 m - a scroll of recharging
 o - a scroll of remove curse
 r - 3 scrolls of identify
 s - a scroll of fear {unknown}
Potions
 d - a potion of might
 f - a potion of heal wounds {unknown}
 l - a potion of invisibility
 t - a potion of haste {unknown}
 u - a potion of mutation
 v - a potion of degeneration
 w - a potion of curing {unknown}
Comestibles
 e - 2 bread rations
 i - a slice of pizza
 p - a meat ration
 q - 9 fruits


   Skills:
 + Level 3.9 Fighting
 + Level 3.4 Long Blades
 + Level 4.0 Armour
 + Level 2.4 Dodging
 + Level 0.6 Stealth
 + Level 4.4 Shields


You had 6 spell levels left.
You didn't know any spells.

Dungeon Overview and Level Annotations

Branches:
Dungeon (5/15)
 Temple: D:4-7

Altars:
Makhleb
Trog
Xom

Annotations:
D:5 gorblad's ghost, novice DsFi


Innate Abilities, Weirdness & Mutations

You are mostly covered in rough black scales (AC +7, Dex -2).
Your flesh is cold resistant.
You are immune to rotting.
You are immune to freezing clouds.
You are agile. (Dex +2)
You are somewhat resistant to further mutation.


Message History

You block gorblad's ghost's attack.
Gorblad's ghost hits you but does no damage.
You hit gorblad's ghost but do no damage.
Gorblad's ghost is lightly damaged.
Gorblad's ghost hits you but does no damage.
Your shield and chain mail prevent you from hitting gorblad's ghost.
Gorblad's ghost is lightly damaged.
Gorblad's ghost says, "I walk in shadow, and soon so shall you."
Gorblad's ghost hits you but does no damage.
You hit gorblad's ghost.
Gorblad's ghost is lightly damaged.
You block gorblad's ghost's attack. Gorblad's ghost hits you.
* * * LOW HITPOINT WARNING * * *
You closely miss gorblad's ghost.
Gorblad's ghost is lightly damaged.
Gorblad's ghost hits you but does no damage.
You hit gorblad's ghost.
Gorblad's ghost is lightly damaged.
Gorblad's ghost hits you.
You die...

#### ##..## ####
#....#######..####
#....>...........###
#.....### #....#....
#####.(.....# #........
#....#..###.###....#
......### #.....@$#
.......########W.......#
#.........# #..........#
....####..##..#.._......!
.....###.....#...........
....##.......(........[.#
###.....................#
####............#.....#
#.........#


You could see gorblad's ghost.

Vanquished Creatures
  An ogre (D:4)
  A phantom (D:4)
  A crimson imp (D:5)
  A giant frog zombie (D:5)
  2 hounds
  An orc wizard (D:5)
  2 worker ants (D:4)
  A hound skeleton (D:5)
  6 adders
  An ooze (D:2)
  6 worms
  2 giant geckos
  4 orcs (D:5)
  4 bats (D:1)
  A giant cockroach (D:2)
  2 goblins
  5 hobgoblins
  4 jackals (D:5)
  8 kobolds
  2 giant gecko skeletons (D:4)
  4 giant newts
  7 rats
66 creatures vanquished.

Notes
Turn   | Place    | Note
--------------------------------------------------------------
     0 | D:1      | gorblad the Demonspawn Fighter began the quest for the Orb.
     0 | D:1      | Reached XP level 1. HP: 18/18 MP: 1/1
   140 | D:1      | Gained mutation: You are immune to rotting. [demonic ancestry]
   140 | D:1      | Reached XP level 2. HP: 22/24 MP: 2/2
   587 | D:2      | Reached XP level 3. HP: 22/29 MP: 3/3
   957 | D:2      | Found a bloodstained altar of Trog.
  1863 | D:3      | Gained mutation: You are partially covered in rough black scales (AC +4, Dex -1). [demonic ancestry]
  1863 | D:3      | Reached XP level 4. HP: 35/35 MP: 4/4
  1947 | D:3      | Reached skill level 1 in Dodging
  2573 | D:4      | Gained mutation: Your flesh is cold resistant. [demonic ancestry]
  2573 | D:4      | Reached XP level 5. HP: 35/41 MP: 5/5
  2796 | D:4      | Noticed a phantom
  2805 | D:4      | Noticed an ogre
  2808 | D:4      | Killed a phantom
  2808 | D:4      | Reached skill level 4 in Shields
  2808 | D:4      | Gained mutation: You are mostly covered in rough black scales (AC +7, Dex -2). [demonic ancestry]
  2808 | D:4      | Reached XP level 6. HP: 41/48 MP: 6/6
  3082 | D:4      | Killed an ogre
  3637 | D:4      | Found a burning altar of Makhleb.
  3774 | D:5      | Entered Level 5 of the Dungeon
  3922 | D:5      | Found a shimmering altar of Xom.
  3925 | D:5      | Noticed gorblad's ghost (novice DsFi)
  3938 | D:5      | Gained mutation: You are immune to freezing clouds. [demonic ancestry]
  3938 | D:5      | Reached XP level 7. HP: 49/53 MP: 7/7
  3970 | D:5      | Gained mutation: You are agile. (Dex +2) [potion of mutation]
  3970 | D:5      | Gained mutation: You are somewhat resistant to further mutation. [potion of mutation]
  3978 | D:5      | Slain by gorblad's ghost

Action                   |  1- 3 |  4- 6 |  7- 9 || total
-------------------------+-------+-------+-------++-------
Melee: Long sword        |   116 |   186 |    32 ||   334
  Use: Scroll            |     1 |     6 |       ||     7
       Potion            |       |     4 |     2 ||     6
  Eat: Chunk             |     1 |     5 |       ||     6
       Bread ration      |     1 |       |       ||     1
